 Dungeon Crawl Stone Soup version 0.30-a0-12-gd8047c6341 (webtiles) character file.

Game seed: 2627824522571493187

200283 leavemydog the Sorcerer (level 18, -2/108 HPs)
             Began as a Deep Elf Conjurer on Aug 22, 2022.
             Was the Champion of Vehumet.
             Succumbed to a redback's poison
             ... on level 3 of the Spider Nest on Aug 23, 2022.
             The game lasted 02:38:58 (40957 turns).

leavemydog the Sorcerer (Deep Elf Conjurer)        Turns: 40957, Time: 02:38:59

Health: -2/108     AC: 15    Str:  4    XL:     18   Next: 26%
Magic:  29/45      EV: 13    Int: 41    God:    Vehumet [******]
Gold:   2082       SH:  0    Dex:  9    Spells: 5/60 levels left

rFire   + . .      SeeInvis +    s - +5 quarterstaff "Xarei" {vorpal, rCorr Int+5 SInv}
rCold   + . .      Faith    .    (shield currently unavailable)
rNeg    . . .      Spirit   .    d - +4 robe "Geilytum" {Fly rF+ rC+}
rPois   +          Reflect  .    z - +2 hood of the Assassin {Detection Stab+ Stlth++}
rElec   +          Harm     .    k - +2 cloak
rCorr   +          Rampage  .    w - +2 pair of gloves
Will    +....                    L - +0 pair of boots of Prudence {rElec Int+4 Dex-4}
Stlth   ++++......               l - amulet of magic regeneration
HPRegen 0.28/turn                t - +4 ring of protection
MPRegen 0.69/turn                Y - ring of poison resistance

@: lethally poisoned (-2 -> -40), corroded, flying, studying 2 skills
A: no striking features
a: Renounce Religion


You were on level 3 of the Spider Nest.
You worshipped Vehumet.
Vehumet was exalted by your worship.
You visited 6 branches of the dungeon, and saw 29 of its levels.
You also visited: Bailey and Ice Cave.

You collected 3636 gold pieces.
You spent 1554 gold pieces at shops.

Inventory:

Hand Weapons
 a - the +5 mace "Kixtaezu" {drain, rElec rN+ Stlth+}
   (You found it on level 12 of the Dungeon)

   A truly terrible weapon, it drains the life of any living foe it strikes.
   rElec:     It insulates you from electricity.
   rN:        It protects you from negative energy.
   Stlth:     It makes you more stealthy.
 s - the +5 quarterstaff "Xarei" (weapon) {vorpal, rCorr Int+5 SInv}
   (You found it on level 3 of the Dungeon)

   It inflicts extra damage upon your enemies.
   Int:       It affects your intelligence (+5).
   SInv:      It lets you see invisible.
   rCorr:     It protects you from acid and corrosion.
Missiles
 R - 4 javelins
Armour
 d - the +4 robe "Geilytum" (worn) {Fly rF+ rC+}
   (You found it on level 10 of the Dungeon)

   rF:        It protects you from fire.
   rC:        It protects you from cold.
   Fly:       It grants you flight.
 k - a +2 cloak (worn)
 w - a +2 pair of gloves (worn)
 z - the +2 hood of the Assassin (worn) {Detection Stab+ Stlth++}
   (You acquired it on level 9 of the Dungeon)

   It allows the wearer to sense nearby creatures.
   It allows the wearer to make particularly effective stabbing attacks against
   helpless or unaware enemies with any weapon.
   Stlth:     It makes you much more stealthy.
 E - the +2 helmet of the Planets {rF++ rCorr Str-2 Dex-4}
   (You acquired it on level 3 of the Elven Halls)

   Str:       It affects your strength (-2).
   Dex:       It affects your dexterity (-4).
   rF:        It greatly protects you from fire.
   rCorr:     It protects you from acid and corrosion.
 L - the +0 pair of boots of Prudence (worn) {rElec Int+4 Dex-4}
   (You acquired it in a bailey)

   Int:       It affects your intelligence (+4).
   Dex:       It affects your dexterity (-4).
   rElec:     It insulates you from electricity.
Magical Staves
 q - a staff of conjuration
Jewellery
 l - an amulet of magic regeneration (around neck)
 t - a +4 ring of protection (left hand)
 y - a ring of fire
 C - a +4 ring of protection
 O - a ring of positive energy
 Y - a ring of poison resistance (right hand)
Wands
 h - a wand of light (3)
 D - a wand of polymorph (14)
 K - a wand of mindburst (21)
 M - a wand of iceblast (18)
 P - a wand of digging (2)
Scrolls
 e - 2 scrolls of amnesia
 g - 7 scrolls of noise
 i - 2 scrolls of torment
 j - 4 scrolls of butterflies
 m - 5 scrolls of fear
 o - 14 scrolls of teleportation
 r - 2 scrolls of blinking
 A - 3 scrolls of immolation
 B - 4 scrolls of identify
 F - 4 scrolls of vulnerability
 N - 4 scrolls of silence
 T - 2 scrolls of magic mapping
 V - 3 scrolls of poison
 W - 2 scrolls of summoning
 X - 2 scrolls of enchant weapon
Potions
 b - 2 potions of magic
 c - 5 potions of resistance
 f - 2 potions of invisibility
 n - 4 potions of flight
 p - 3 potions of haste
 u - 17 potions of curing
 v - 4 potions of attraction
 x - 2 potions of lignification
 G - a potion of brilliance {unknown}
 H - 2 potions of berserk rage
 I - 3 potions of mutation
Miscellaneous
 U - a tin of tremorstones (2/2)


   Skills:
 * Level 10.7 Fighting
 * Level 5.6 Dodging
 - Level 2.4 Stealth
 + Level 21.6 Spellcasting
 + Level 16.6 Conjurations
 - Level 6.2 Hexes
 - Level 3.0 Necromancy
 - Level 6.7 Translocations
 + Level 12.0 Fire Magic
 - Level 12.8 Air Magic
 - Level 14.2 Earth Magic


You had 5 spell levels left.
You knew the following spells:

 Your Spells              Type           Power      Damage    Failure   Level
a - Magic Dart            Conj           100%       1d8       0%          1
b - Searing Ray           Conj           100%       2d8       0%          2
c - Iskenderun's Mystic   Conj/Tloc      96%        2d19      1%          4
d - Fulminant Prism       Conj/Hex       47%        3d21      1%          4
e - Airstrike             Air            49%        2d(8-24)  1%          4
f - Lee's Rapid Deconstr  Erth           51%        3d25*     1%          5
g - Borgnjor's Vile Clut  Necr/Erth      43%        N/A       1%          5
h - Iskenderun's Battles  Conj           100%       2d15      0%          5
i - Lightning Bolt        Conj/Air       52%        1d74      1%          5
j - Orb of Destruction    Conj           55%        9d14      1%          7
k - Fireball              Conj/Fire      52%        3d20      1%          5
l - Lehudib's Crystal Sp  Conj/Erth      53%        10d13     1%          8

Your spell library contained the following spells:

 Spells                   Type           Power      Damage    Failure   Level
 Maxwell's Capacitive Co  Air            49%        ∞         4%          8
 Ignition                 Fire           48%        3d14      7%          8
 Foxfire                  Conj/Fire      100%       2x1d9     0%          1
 Shock                    Conj/Air       100%       1d9       0%          1
 Conjure Flame            Conj/Fire      100%       6-21      0%          3
 Dazzling Flash           Conj/Hex       100%       N/A       0%          3
 Swiftness                Air            99%        N/A       0%          3
 Flame Wave               Conj/Fire      100%       2d21      0%          4
 Sting                    Tmut/Pois      100%       1d8       1%          1
 Ensorcelled Hibernation  Hex/Ice        100%       N/A       1%          2
 Passwall                 Tmut/Erth      66%        N/A       1%          2
 Frozen Ramparts          Ice            88%        1d14      1%          3
 Gell's Gravitas          Tloc           79%        N/A       1%          3
 Ignite Poison            Fire/Tmut/Pois 67%        N/A       1%          3
 Inner Flame              Hex/Fire       87%        N/A       1%          3
 Lesser Beckoning         Tloc           79%        N/A       1%          3
 Mephitic Cloud           Conj/Pois/Air  90%        N/A       1%          3
 Teleport Other           Tloc           79%        N/A       1%          3
 Animate Armour           Summ/Erth      100%       N/A       1%          4
 Animate Dead             Necr           62%        N/A       1%          4
 Corpse Rot               Necr/Pois/Air  73%        N/A       1%          4
 Hailstorm                Conj/Ice       85%        3d17      1%          4
 Leda's Liquefaction      Hex/Erth       45%        N/A       1%          4
 Freezing Cloud           Conj/Ice/Air   45%        6-21      1%          5
 Summon Mana Viper        Hex/Summ       63%        N/A       3%          5
 Alistair's Intoxication  Tmut/Pois      29%        N/A       14%         5
 Blade Hands              Tmut           22%        N/A       14%         5
 Conjure Ball Lightning   Conj/Air       52%        3x3d18    1%          6
 Starburst                Conj/Fire      52%        6d14      1%          6
 Statue Form              Tmut/Erth      53%        N/A       4%          6
 Death Channel            Necr           31%        N/A       22%         6
 Chain Lightning          Conj/Air       52%        3d70      30%         9
 Fire Storm               Conj/Fire      52%        8d13      32%         9
 Shatter                  Erth           51%        3d39*     36%         9
 Simulacrum               Ice/Necr       27%        N/A       38%         6
 Ozocubu's Refrigeration  Ice            22%        4d12      69%         7
 Necromutation            Tmut/Necr      27%        N/A       100%        8
 Polar Vortex             Ice            22%        N/A       100%        9


Dungeon Overview and Level Annotations

Branches:
Dungeon (15/15)            Temple (1/1) D:6            Lair (5/5) D:8
 Shoals (0/4) Lair:2       Spider (3/4) Lair:2        Slime (0/5) Lair:4
    Orc (2/2) D:9             Elf (3/3) Orc:2        Vaults (0/5) D:13
 Depths (0/4) D:15         Bailey (visited)           IceCv (visited)

Altars:
Ashenzari
Cheibriados
Dithmenos
Elyvilon
Fedhas
Gozag
Hepliaklqana
Kikubaaqudgha
Makhleb
Nemelex Xobeh
Okawaru
Qazlal
Ru
Sif Muna
Trog
Uskayaw
Vehumet
Wu Jian
Xom
Yredelemnul
Zin
The Shining One
Jiyva

Shops:
D:7 *   Orc:2 ??==   Elf:1 *   Elf:3 [

Annotations:
Lair:1 1 runed translucent door, Fulomu's ghost, journeyman MiEn
Spider:3 Donald; Kirke


Message History

The crystal spear misses you.
You hear a faint skittering sound.
A culicivora comes into view.
Donald gestures wildly while chanting.
Donald seems to speed up.
Casting: Lehudib's Crystal Spear (dangerous; 1% risk of failure)
Confirm with . or Enter, or press ? or * to list all spells.
Aiming: Lehudib's Crystal Spear (dangerous; 1% risk of failure)
Press: ? - help, Shift-Dir - straight line, f/p - Donald
Aim: Donald, wielding a +0 double sword, wearing a +0 chain mail and wearing a +0 kite shield of reflection (moderately wounded, fast, reflecting blocked projectiles, 90% to hit)
Donald reflects the crystal spear off his +0 kite shield of reflection!
The crystal spear hits you!!!!
Ouch! That really hurt!
The jorogumo casts a spell at you.
The stream of webbing hits you but does no damage.
You are caught in a web!
The orb spider spins a strand of pure energy.
You feel much better. The redback bites you!
You are poisoned.
The redback poisons you!
The entropy weaver points at you and mumbles some strange words.
Okay, then.
You feel extremely sick.
The entropy weaver casts a spell at you.
The entropic weave corrodes you!
The culicivora's wounds heal themselves!
The jumping spider leaps!
The redback bites you.
Donald hits you with a +0 double sword!!
* * * LOW HITPOINT WARNING * * *
The jumping spider pounces on you but does no damage.
The jumping spider bites you but does no damage.
The culicivora bites you.
* * * LOW HITPOINT WARNING * * *
The culicivora draws strength from your injuries!
Blink to where?
Press: ? - help, Dir - move target, p - Donald
Found 40 gold pieces and 2 potions of curing.
Found a stone staircase leading down.
As you read the scroll of blinking, it crumbles to dust.
You die...

... ... ...##.. # #
....... !.####.
...$...#.......
........#......
.>..........#
...^.####$........#
. .#........@.......
..
#.....#...........
...
#.....#..#..!.^#..
....
.....#.#.........
.....#......
......#.#
......@..#. .#.....#
# .....ss§.#
.......#
..s...s#s.....^.....
....s..{#......


There were no monsters in sight!

Vanquished Creatures
  Nikola (Elf:3)
  Rupert (D:12)
  Asterion (Spider:2)
  3 deep elf blademasters
  2 deep elf master archers (Elf:3)
  An azure jelly (IceCv)
  5 deep elf sorcerers
  2 orc warlords (Orc:2)
  2 emperor scorpions
  A ghost moth (Spider:3)
  3 deep elf elementalists
  Nessos (Orc:2)
  3 quicksilver oozes (IceCv)
  A stone giant (Orc:2)
  5 deep elf demonologists (Elf:3)
  An entropy weaver (Spider:2)
  7 deep elf annihilators (Elf:3)
  A spark wasp (Spider:2)
  5 deep elf death magi (Elf:3)
  3 deep elf high priests (Elf:3)
  A boulder beetle (D:15)
  5 catoblepae
  10 hydras
  5 two-headed ogres
  An ogre mage (D:10)
  3 centaur warriors
  A death knight (D:15)
  16 death yaks
  30 dancing weapons
  5 orc high priests
  2 tengu warriors
  Amaemon (D:11)
  22 deep elf knights
  A skeletal warrior (D:15)
  The ghost of Nebesus the Covert, a novice NaNe of Kikubaaqudgha (D:7)
  3 orb spiders
  2 steelbarb worms (Spider:2)
  17 deep elf archers
  8 orc knights
  28 deep elf pyromancers
  31 deep elf zephyrmancers
  5 wolf spiders
  A necromancer (D:14)
  6 cyclopes
  7 orc sorcerers
  2 manticores (Lair:5)
  5 ugly things
  18 elephants
  5 oklob plants
  Joseph (Lair:1)
  2 ice statues (IceCv)
  3 merfolk sirens (Lair:2)
  4 black mambas
  7 cane toads
  2 gargoyles (D:14)
  An orange demon (D:11)
  An efreet (D:14)
  2 unseen horrors
  A kobold demonologist (D:11)
  Maggie (D:6)
  2 freezing wraiths (D:15)
  7 komodo dragons
  5 tengu conjurers
  A komodo dragon (shapeshifter) (D:14)
  2 demonic crawlers (Spider:2)
  2 ice devils (Orc:1)
  3 meliai (Spider:2)
  10 trolls
  2 polar bears (Lair:5)
  A merfolk (Lair:2)
  Grinder (D:4)
  3 hornets
  6 saltlings (Orc:2)
  9 tarantellas
  16 blink frogs
  4 dream sheep (Lair:5)
  21 slime creatures
  7 culicivoras
  7 jumping spiders
  4 water elementals
  Sigmund (D:2)
  2 air elementals
  2 hogs (Spider:3)
  55 yaks
  A vampire (D:13)
  5 wraiths
  5 basilisks
  2 wyverns
  3 fire elementals
  16 humans
  12 redbacks
  2 steam dragons (D:9)
  12 vampire mosquitoes
  5 acid dragons
  5 wargs
  13 water moccasins
  39 orc warriors
  3 black bears
  3 great orb of eyes simulacra (IceCv)
  5 ogres
  3 ice beasts (D:7)
  38 wolves
  5 boggarts (D:14)
  6 centaurs
  4 slime creature simulacra (IceCv)
  3 kobold brigands
  16 bullfrogs
  A necrophage (D:6)
  2 earth elementals (Elf:2)
  A scorpion (shapeshifter) (Elf:1)
  2 gnoll sergeants
  2 scorpions
  A glowing shapeshifter simulacrum (IceCv)
  6 killer bees (D:9)
  5 electric eels (D:6)
  4 howler monkeys
  4 hounds
  6 jellies
  15 orc priests
  2 iguanas
  20 orc wizards
  6 shapeshifter simulacra (IceCv)
  12 gnolls
  5 adders
  2 white imps (D:7)
  2 ufetubi
  2 worms
  6 dart slugs
  97 orcs
  2 bats
  6 endoplasms
  4 giant cockroaches (D:1)
  5 hobgoblins
  7 jackals
  22 kobolds
  5 quokkas
  7 ball pythons
  5 frilled lizards
  8 goblins
  5 rats
  A pillar of salt (Orc:2)
975 creatures vanquished.

Vanquished Creatures (others)
  81 fulminant prisms
  64 fungi
  13 pillars of salt (Orc:2)
  91 plants
  5 withered plants (D:14)
254 creatures vanquished.

Grand Total: 1229 creatures vanquished

Notes
Turn   | Place    | Note
-------+----------+-------------------------------------------
     0 | D:1      | leavemydog the Deep Elf Conjurer began the quest for the
                  | Orb.
     0 | D:1      | Reached XP level 1. HP: 10/10 MP: 6/6
   444 | D:1      | Reached XP level 2. HP: 15/15 MP: 5/8
   447 | D:1      | Learned a level 2 spell: Searing Ray
   526 | D:1      | Reached skill level 5 in Conjurations
   923 | D:1      | Reached XP level 3. HP: 19/19 MP: 7/9
  1514 | D:2      | Noticed Sigmund
  1520 | D:2      | Killed Sigmund
  1521 | D:2      | Reached skill level 4 in Spellcasting
  1521 | D:2      | Reached XP level 4. HP: 18/24 MP: 5/12
  1521 | D:2      | Reached XP level 5. HP: 21/28 MP: 5/14
  1605 | D:2      | Learned a level 4 spell: Iskenderun's Mystic Blast
  1637 | D:2      | Reached skill level 5 in Spellcasting
  1900 | D:2      | Found a faded altar of an unknown god.
  2231 | D:3      | Found a glowing silver altar of Zin.
  2234 | D:3      | Identified the +5 quarterstaff "Xarei" {vorpal, rCorr Int+5
                  | SInv}
  2238 | D:3      | Found a sparkling altar of Nemelex Xobeh.
  2244 | D:3      | Found a broken altar of Ashenzari.
  2269 | D:3      | Found an ornate altar of the Wu Jian Council.
  2273 | D:3      | Found a hide-covered altar of Uskayaw.
  2873 | D:4      | Noticed Grinder
  2889 | D:4      | Killed Grinder
  2890 | D:4      | Reached skill level 6 in Spellcasting
  2890 | D:4      | Reached skill level 1 in Translocations
  2890 | D:4      | Reached XP level 6. HP: 32/32 MP: 6/17
  2919 | D:4      | Learned a level 4 spell: Fulminant Prism
  2986 | D:4      | Reached skill level 1 in Hexes
  2986 | D:4      | Reached XP level 7. HP: 36/36 MP: 14/18
  3232 | D:5      | Entered Level 5 of the Dungeon
  3868 | D:5      | Reached skill level 7 in Spellcasting
  4607 | D:6      | Found a staircase to the Ecumenical Temple.
  4619 | Temple   | Entered the Ecumenical Temple
  4765 | Temple   | Became a worshipper of Vehumet
  4965 | D:6      | Reached XP level 8. HP: 41/41 MP: 14/21
  5218 | D:6      | Reached skill level 8 in Spellcasting
  5474 | D:6      | Noticed Maggie
  5481 | D:6      | Killed Maggie
  5951 | D:6      | Reached skill level 9 in Spellcasting
  6052 | D:7      | Found Roptat's General Store.
  6086 | D:7      | Bought a potion of heal wounds for 60 gold pieces
  6223 | D:7      | Reached XP level 9. HP: 45/45 MP: 20/24
  6284 | D:7      | Found a runed translucent gate.
  6284 | D:7      | Found a runed translucent gate.
  6284 | D:7      | Noticed Nebesus's ghost (novice NaNe)
  6288 | D:7      | Found a runed translucent gate.
  6470 | D:7      | Reached * piety under Vehumet
  6470 | D:7      | Offered knowledge of Foxfire by Vehumet.
  6762 | D:8      | Reached skill level 1 in Fighting
  6762 | D:8      | Reached skill level 10 in Spellcasting
  6785 | D:8      | Reached skill level 10 in Conjurations
  6785 | D:8      | Reached skill level 5 in Hexes
  6788 | D:8      | Reached skill level 5 in Translocations
  6944 | D:8      | Found a staircase to the Lair.
  7170 | D:8      | Reached skill level 11 in Spellcasting
  7410 | D:9      | Reached XP level 10. HP: 54/54 MP: 22/27
  7466 | D:9      | Reached ** piety under Vehumet
  7466 | D:9      | Offered knowledge of Freeze by Vehumet.
  7498 | D:9      | Found a flagged portal.
  7528 | Bailey   | Entered a bailey
  7647 | Bailey   | Offered knowledge of Conjure Flame by Vehumet.
  7962 | Bailey   | Reached skill level 12 in Spellcasting
  7974 | Bailey   | Noticed an orc knight
  7984 | Bailey   | Killed an orc knight
  7984 | Bailey   | Reached *** piety under Vehumet
  8173 | Bailey   | Acquired the +0 pair of boots of Prudence {rElec Int+4
                  | Dex-4}
  8407 | D:9      | Acquired the +2 hood of the Assassin {Detection Stab+
                  | Stlth++}
  8407 | D:9      | Found the +2 hood of the Assassin {Detection Stab+ Stlth++}
  8459 | D:9      | Reached skill level 13 in Spellcasting
  8525 | D:9      | Noticed a tengu warrior
  8546 | D:9      | Killed a tengu warrior
  8643 | D:9      | Reached XP level 11. HP: 55/61 MP: 26/30
  8897 | D:9      | Found a staircase to the Orcish Mines.
  9030 | D:10     | Entered Level 10 of the Dungeon
  9042 | D:10     | Offered knowledge of Airstrike by Vehumet.
  9172 | D:10     | Identified the +10 hand axe of Resourcefulness {venom, rC-
                  | Dex+5}
  9178 | D:10     | Learned a level 4 spell: Airstrike
  9189 | D:10     | Found a transporter.
  9189 | D:10     | Identified the +4 robe "Geilytum" {Fly rF+ rC+}
  9209 | D:10     | Found a transporter.
  9209 | D:10     | Noticed an ogre mage
  9211 | D:10     | Noticed an orc high priest
  9433 | D:10     | Got Gips's Octavo of the Snowflakes and Sculpting
  9658 | D:7      | Reached skill level 1 in Air Magic
  9673 | D:7      | Killed Nebesus's ghost
  9674 | D:7      | Reached skill level 5 in Fighting
  9674 | D:7      | Reached skill level 14 in Spellcasting
  9847 | D:11     | Noticed a two-headed ogre
  9854 | D:11     | Killed a two-headed ogre
  9911 | D:11     | Reached skill level 1 in Fire Magic
  9975 | D:11     | Reached **** piety under Vehumet
 10029 | D:11     | Offered knowledge of Sticky Flame by Vehumet.
 10059 | D:11     | Noticed Amaemon
 10068 | D:11     | Killed Amaemon
 10222 | D:11     | Found a gate leading to a gauntlet.
 10355 | D:11     | Noticed a five-headed hydra
 10359 | D:11     | Killed a five-headed hydra
 10369 | D:11     | Noticed a two-headed ogre
 10397 | D:11     | Killed a two-headed ogre
 10751 | D:12     | Noticed an eight-headed hydra
 10756 | D:12     | Killed an eight-headed hydra
 10757 | D:12     | Reached skill level 15 in Spellcasting
 10757 | D:12     | Reached skill level 1 in Earth Magic
 10757 | D:12     | Reached XP level 12. HP: 69/69 MP: 24/33
 10764 | D:12     | Noticed Rupert
 10775 | D:12     | Killed Rupert
 11759 | D:12     | Identified the +5 mace "Kixtaezu" {drain, rElec rN+ Stlth+}
 11932 | D:13     | Reached skill level 5 in Air Magic
 11960 | D:13     | Reached ***** piety under Vehumet
 11984 | D:13     | Noticed a two-headed ogre
 11989 | D:13     | Offered knowledge of Olgreb's Toxic Radiance by Vehumet.
 11994 | D:13     | Killed a two-headed ogre
 12223 | D:13     | Noticed a four-headed hydra
 12223 | D:13     | Found a gate to the Vaults.
 12228 | D:13     | Reached skill level 5 in Fire Magic
 12232 | D:13     | Killed a four-headed hydra
 12328 | D:13     | Noticed a centaur warrior
 12982 | D:13     | Reached XP level 13. HP: 40/76 MP: 19/34
 13953 | D:14     | Found an ancient bone altar of Kikubaaqudgha.
 14444 | D:14     | You are sucked into a shaft and drop 1 floor!
 14444 | D:15     | Entered Level 15 of the Dungeon
 14444 | D:15     | Found a radiant altar of Vehumet.
 14575 | D:15     | Reached skill level 10 in Air Magic
 15220 | D:14     | Offered knowledge of Lee's Rapid Deconstruction by Vehumet.
 15765 | D:13     | Learned a level 5 spell: Lee's Rapid Deconstruction
 16265 | D:10     | Identified the +2 helmet of Cetask {+Inv rPois rF- Dex-3}
 16342 | Orc:1    | Entered Level 1 of the Orcish Mines
 16908 | Orc:1    | Reached XP level 14. HP: 65/82 MP: 4/35
 16927 | Orc:1    | Found a frozen archway.
 16960 | IceCv    | Entered an ice cave
 17100 | IceCv    | Noticed a quicksilver ooze
 17104 | IceCv    | Killed a quicksilver ooze
 17432 | IceCv    | Reached skill level 16 in Spellcasting
 17553 | IceCv    | Reached skill level 5 in Earth Magic
 17937 | IceCv    | Noticed a quicksilver ooze
 17944 | IceCv    | Killed a quicksilver ooze
 18332 | IceCv    | Found a viscous altar of Jiyva.
 18332 | IceCv    | Noticed an azure jelly
 18335 | IceCv    | Noticed a quicksilver ooze
 18347 | IceCv    | Killed a quicksilver ooze
 18354 | IceCv    | Killed an azure jelly
 18718 | IceCv    | Got the Treatise on Rime
 19529 | Orc:2    | Entered Level 2 of the Orcish Mines
 19530 | Orc:2    | Found a staircase to the Elven Halls.
 19679 | Orc:2    | Noticed Nessos
 20276 | Orc:1    | Offered knowledge of Eringya's Noxious Bog by Vehumet.
 20460 | Orc:2    | Killed Nessos
 20897 | Orc:2    | Noticed a stone giant
 20901 | Orc:2    | Killed a stone giant
 21232 | Orc:2    | Noticed an orc warlord
 21236 | Orc:2    | Found Cusiful's Jewellery Shoppe.
 21236 | Orc:2    | Noticed an orc warlord
 21425 | Orc:2    | Killed an orc warlord
 21611 | Orc:2    | Reached skill level 17 in Spellcasting
 21622 | Orc:2    | Killed an orc warlord
 22005 | Orc:2    | Found Covvyex's Magic Scroll Shoppe.
 22007 | Orc:2    | Found Kuetoc's Jewellery Shoppe.
 22087 | Orc:2    | Found Juyhasuxt's Magic Scroll Shop.
 22093 | Orc:2    | Bought a scroll of identify for 28 gold pieces
 22094 | Orc:2    | Bought a scroll of teleportation for 42 gold pieces
 22094 | Orc:2    | Bought a scroll of enchant armour for 105 gold pieces
 22094 | Orc:2    | Bought a scroll of enchant armour for 105 gold pieces
 22094 | Orc:2    | Bought a scroll of identify for 28 gold pieces
 22094 | Orc:2    | Bought a scroll of identify for 28 gold pieces
 22117 | Orc:2    | Bought a scroll of fear for 48 gold pieces
 22117 | Orc:2    | Bought a scroll of teleportation for 36 gold pieces
 22117 | Orc:2    | Bought a scroll of poison for 48 gold pieces
 22117 | Orc:2    | Bought a scroll of identify for 24 gold pieces
 22117 | Orc:2    | Bought a scroll of identify for 24 gold pieces
 22117 | Orc:2    | Bought a scroll of identify for 24 gold pieces
 22117 | Orc:2    | Bought a scroll of teleportation for 36 gold pieces
 22117 | Orc:2    | Bought a scroll of fear for 48 gold pieces
 22117 | Orc:2    | Bought a scroll of blinking for 90 gold pieces
 22209 | Elf:1    | Entered Level 1 of the Elven Halls
 22460 | Lair:1   | Entered Level 1 of the Lair of Beasts
 22464 | Lair:1   | Found a runed translucent door.
 22466 | Lair:1   | Noticed Fulomu's ghost (journeyman MiEn)
 22805 | Lair:1   | Noticed Joseph
 22809 | Lair:1   | Killed Joseph
 23014 | Lair:1   | Reached XP level 15. HP: 89/89 MP: 34/38
 23338 | Lair:1   | Identified the +10 spear "Geosett" {drain, rCorr Int+5
                  | Dex+2}
 23579 | Lair:2   | Offered knowledge of Conjure Ball Lightning by Vehumet.
 23749 | Lair:2   | Learned a level 5 spell: Borgnjor's Vile Clutch
 24392 | Lair:2   | Found a staircase to the Shoals.
 24613 | Lair:2   | Reached skill level 18 in Spellcasting
 24894 | Lair:2   | Reached skill level 1 in Necromancy
 25117 | Lair:2   | Found a hole to the Spider Nest.
 26175 | Orc:2    | Bought a ring of poison resistance for 360 gold pieces
 26698 | Lair:3   | Acquired Mots's Grimoire of the Hippo
 26706 | Lair:3   | Learned a level 5 spell: Iskenderun's Battlesphere
 26712 | Lair:3   | Learned a level 5 spell: Lightning Bolt
 27129 | Lair:3   | You are sucked into a shaft and drop 1 floor!
 27830 | Lair:4   | Found a viscous altar of Jiyva.
 27831 | Lair:4   | Found a staircase to the Slime Pits.
 28844 | Lair:5   | Entered Level 5 of the Lair of Beasts
 28899 | Lair:5   | Reached ****** piety under Vehumet
 29082 | Lair:5   | Offered knowledge of Orb of Destruction by Vehumet.
 29083 | Lair:5   | Reached skill level 19 in Spellcasting
 29097 | Lair:5   | Reached skill level 10 in Fire Magic
 29322 | Lair:5   | Reached XP level 16. HP: 96/96 MP: 29/41
 30635 | Elf:1    | Found Beall's General Store.
 31024 | Elf:1    | Learned a level 7 spell: Orb of Destruction
 31214 | Elf:1    | Reached skill level 15 in Conjurations
 31501 | Elf:1    | Reached skill level 20 in Spellcasting
 32104 | Elf:1    | Got the Vellum of Gathered Arcane Weapons
 32797 | Elf:2    | Offered knowledge of Fireball by Vehumet.
 32987 | Elf:2    | Upgraded the game from 0.30-a0-6-g7c9e10e132 to
                  | 0.30-a0-12-gd8047c6341
 33044 | Elf:2    | Found a runed translucent gate.
 33044 | Elf:2    | Found a runed translucent gate.
 33044 | Elf:2    | Found a runed translucent gate.
 33228 | Elf:2    | Found an ancient bone altar of Kikubaaqudgha.
 33256 | Elf:2    | Identified the +7 dagger of the Manifold Violins {vamp,
                  | *Slow rPois Will+ SInv}
 33601 | Elf:2    | Noticed a deep elf blademaster
 33610 | Elf:2    | Killed a deep elf blademaster
 33611 | Elf:2    | Reached skill level 10 in Fighting
 33633 | Elf:2    | Learned a level 5 spell: Fireball
 33777 | Elf:1    | HP: 3/97 [poisoned by a +3 glaive of venom]
 34269 | Elf:1    | Bought a scroll of teleportation for 45 gold pieces
 34269 | Elf:1    | Bought a staff of conjuration for 375 gold pieces
 34344 | Elf:2    | Reached XP level 17. HP: 102/102 MP: 27/43
 34469 | Elf:2    | Reached skill level 21 in Spellcasting
 34469 | Elf:2    | Reached skill level 10 in Earth Magic
 34757 | Elf:3    | Entered Level 3 of the Elven Halls
 34861 | Elf:3    | Noticed Nikola
 35065 | Elf:3    | Killed Nikola
 35389 | Elf:3    | Offered knowledge of Lehudib's Crystal Spear by Vehumet.
 35400 | Elf:3    | Noticed a deep elf blademaster
 35413 | Elf:3    | Killed a deep elf blademaster
 35506 | Elf:3    | Learned a level 8 spell: Lehudib's Crystal Spear
 35526 | Elf:3    | Identified the +1 executioner's axe of the Imperium
                  | {vorpal, *Corrode Str+4 Dex+4}
 35703 | Elf:3    | Noticed a deep elf master archer
 35706 | Elf:3    | Killed a deep elf master archer
 35747 | Elf:3    | Noticed a deep elf blademaster
 35754 | Elf:3    | Killed a deep elf blademaster
 35760 | Elf:3    | Noticed a deep elf master archer
 36000 | Elf:3    | Killed a deep elf master archer
 36150 | Elf:3    | Acquired the +2 helmet of the Planets {rF++ rCorr Str-2
                  | Dex-4}
 36185 | Elf:3    | Identified the +6 leather armour "Putepiwe" {rC+ rCorr}
 36192 | Elf:3    | Identified the ring "Gefaw" {Dex+2 SInv}
 36596 | Elf:3    | Identified the +4 scale mail of the Threshing Gods {rElec}
 36700 | Elf:3    | Got the Anthology of Airy Transmigration
 36751 | Elf:3    | Found Meppomu's Antique Armour Shop.
 37171 | Elf:3    | Reached XP level 18. HP: 93/108 MP: 36/45
 37667 | Spider:1 | Entered Level 1 of the Spider Nest
 38937 | Spider:2 | Noticed Asterion
 38944 | Spider:2 | Killed Asterion
 39722 | Spider:2 | Identified the +5 trident of Welfare {vorpal, rN+}
 39922 | Spider:3 | Noticed Kirke
 40629 | Spider:3 | Reached skill level 5 in Dodging
 40629 | Spider:3 | Noticed Donald
 40631 | Spider:2 | Offered knowledge of Ignition by Vehumet.
 40631 | Spider:2 | Offered knowledge of Maxwell's Capacitive Coupling by
                  | Vehumet.
 40956 | Spider:3 | HP: 5/108 [culicivora (2)]
 40957 | Spider:3 | Succumbed to a redback's poison

Illustrated notes

Levels and vault maps discovered:
D:1:      minmay_arrival_open_corners, layout_loops_ring
D:2:      layout_loops_cross, shapermc_ecumenical_altar_mp_vishouse,
          uniq_sigmund
D:3:      layout_loops_ring, minmay_overflow_temple_star_hex
D:4:      layout_cave_pools, uniq_grinder
D:5:      layout_loops_ring
D:6:      layout_loops_ring, minmay_temple_entry_stoned_glass,
          serial_bayou_lake_a, uniq_maggie
D:7:      layout_basic, gammafunk_ghost_split, nicolae_stop_n_shop_2
D:8:      layout_gridville, due_lair_maze_entry_diamond
D:9:      minmay_curly_fans, layout_basic, orc_0_dummy, enter_bailey_4
D:10:     gammafunk_beogh_shrine, layout_rooms, library_closet
D:11:     layout_loops_ring, gauntlet_entry_generic, uniq_amaemon
D:12:     layout_loops_cross, uniq_rupert
D:13:     layout_basic, david_vaults_3
D:14:     minmay_open_boxes_in_corner, layout_basic,
          hangedman_abyss_or_decor_lesser_grid, kiku_gazebo_garden_becter
D:15:     hangedman_depths_entry_civil_slaughter, layout_loops_cross,
          vehumet_crystals
Temple:   minmay_crystal_spiral_temple
Lair:1:   layout_roguey, ebering_ghost_funeral_grove, uniq_joseph
Lair:2:   layout_chaotic_city, elwin_shoals_entry_stream,
          spider_nest_entry_rubble, grunt_forest_large_clearings
Lair:3:   minmay_lair_oklob_tunnel, layout_regular_city, grunt_megastairs_5
Lair:4:   layout_regular_city, minmay_slime_entry_pillars, wad_woods_road_02
Lair:5:   evilmike_catoblepas_cave, layout_gridlike
Spider:1: layout_cave_pods
Spider:2: layout_spider_delve, uniq_asterion
Spider:3: layout_spider_delve, uniq_donald, uniq_kirke
Orc:1:    layout_diamond_mine, portal_ice_cave_demonic_guard
Orc:2:    hellmonk_orc_salted, layout_diamond_mine, uniq_nessos
Elf:1:    eino_elf_arrival_shootout, layout_gridlike, serial_shops,
          nicolae_take_the_stairs, minmay_elf_sorcery
Elf:2:    nicolae_elf_blades_splatter_lattice
          [nicolae_blade_entry_crossed_weapons], layout_loops_cross, basic_altar
Elf:3:    grunt_elf_hall_diamonds, layout_gridlike, serial_shops,
          nicolae_shop_temple_entry_statues_fountains, corexii_checkpoint_b,
          uniq_nikola

Skill      XL: |  1  2  3  4  5  6  7  8  9 10 11 12 13 14 15 16 17 18 |
---------------+-------------------------------------------------------+-----
Conjurations   | 5 6 7 8 9 10 11 12 13 14 15 16 | 16.6
Spellcasting   | 4 6 7 9 11 13 15 17 19 20 21 | 21.6
Translocations | 1 2 3 4 5 6 |  6.7
Hexes          | 1 2 4 5 6 |  6.2
Fighting       | 2 4 5 6 7 8 9 10 | 10.7
Air Magic      | 3 8 11 12 | 12.8
Fire Magic     | 3 5 7 8 10 11 12 | 12.0
Earth Magic    | 1 3 4 6 8 9 13 14 | 14.2
Necromancy     | 3 |  3.0
Dodging        | 5 |  5.6
Stealth        | |  2.4

Action                   |  1- 3 |  4- 6 |  7- 9 | 10-12 | 13-15 | 16-18 || total
-------------------------+-------+-------+-------+-------+-------+-------++-------
Melee: Halberd           |       |     8 |       |       |       |       ||     8
       Quarterstaff      |       |       |     1 |     8 |    12 |       ||    21
       Staff             |       |       |       |       |       |     1 ||     1
 Cast: Magic Dart        |    64 |    63 |   155 |   210 |   515 |    94 ||  1101
       Searing Ray       |     2 |     4 |    29 |    74 |   140 |    25 ||   274
       Iskenderun's Myst |       |       |     9 |    75 |   144 |    50 ||   278
       Fulminant Prism   |       |       |     7 |    31 |    39 |     5 ||    82
       Airstrike         |       |       |       |    26 |   159 |    10 ||   195
       Lee's Rapid Decon |       |       |       |       |    52 |     1 ||    53
       Lightning Bolt    |       |       |       |       |    23 |   263 ||   286
       Iskenderun's Batt |       |       |       |       |    23 |    47 ||    70
       Borgnjor's Vile C |       |       |       |       |     3 |       ||     3
       Orb of Destructio |       |       |       |       |       |     6 ||     6
       Fireball          |       |       |       |       |       |    38 ||    38
       Lehudib's Crystal |       |       |       |       |       |     9 ||     9
  Use: Scroll            |       |       |     9 |     7 |    23 |     5 ||    44
       Potion            |       |       |       |     4 |     5 |     4 ||    13
 Stab: Sleeping          |       |     1 |       |       |       |       ||     1
Armor: Robe              |       |     3 |    14 |    88 |   242 |    53 ||   400
       Steam dragon scal |       |       |    21 |    20 |       |       ||    41
Dodge: Dodged            |     1 |    13 |    56 |   136 |   235 |    64 ||   505

Table legend: (Time is in decaauts)
 A = Elapsed time spent in this place.
 B = Non-inter-level travel time spent in this place.
 C = Inter-level travel time spent in this place.
 D = Time resting spent in this place.
 E = Time spent auto-exploring this place.
 F = Levels seen in this place.
 G = Mean time per level.
                   A        B        C        D        E       F      G
               +--------+--------+--------+--------+--------+-----+--------+
         Total |  41096 |  37716 |   3380 |  14942 |  16955 |  31 | 1325.7 |
       Dungeon |  15909 |  14689 |   1220 |   4577 |   7998 |  15 | 1060.6 |
        Temple |    347 |    263 |     84 |     74 |    149 |   1 |  347.0 |
          Lair |   7457 |   7023 |    434 |   2191 |   3876 |   5 | 1491.4 |
   Spider Nest |   3291 |   3012 |    279 |   1538 |   1260 |   3 | 1097.0 |
  Orcish Mines |   4349 |   3703 |    646 |   1993 |   1034 |   2 | 2174.5 |
   Elven Halls |   7168 |   6453 |    715 |   3184 |   2071 |   3 | 2389.3 |
        Bailey |    692 |    692 |      0 |    319 |    244 |   1 |  692.0 |
      Ice Cave |   1880 |   1880 |      0 |   1065 |    322 |   1 | 1880.0 |
               +--------+--------+--------+--------+--------+-----+--------+

Top non-repeatable levels by time:
   Elf:1: 3019 daAuts
   Orc:2: 2709 daAuts
  Lair:2: 2503 daAuts
   Elf:2: 2152 daAuts
   Elf:3: 1996 daAuts
Spider:2: 1983 daAuts
   IceCv: 1880 daAuts
    D:14: 1827 daAuts
    D:12: 1721 daAuts
   Orc:1: 1640 daAuts
     D:9: 1528 daAuts
    D:13: 1338 daAuts
  Lair:5: 1278 daAuts
  Lair:3: 1275 daAuts
Spider:1: 1269 daAuts
